 Dungeon Crawl Stone Soup version 0.28.0-45-g0d030f2227 (webtiles) character file.

Game seed: 3966849780333425844

91 zeratav the Insei (level 4, -3/29 HPs)
             Began as an Octopode Transmuter on Apr 11, 2022.
             Slain by a gnoll
             ... wielding a +0 club
              (4 damage)
             ... on level 2 of the Dungeon.
             The game lasted 00:01:22 (1343 turns).

zeratav the Insei (Octopode Transmuter)             Turns: 1343, Time: 00:01:22

Health: -3/29      AC:  1    Str:  9    XL:     4   Next: 57%
Magic:  7/7        EV: 13    Int: 15    God:
Gold:   36         SH:  0    Dex: 14    Spells: 6/7 levels left

rFire   . . .      SeeInvis .     - Unarmed
rCold   . . .      Faith    .   (no shield)
rNeg    . . .      Spirit   .   (helmet restricted)
rPois   .          Reflect  .   (no amulet)
rElec   .          Harm     .   (no ring)
rCorr   .          Rampage  .   (no ring)
Will    .....                   (no ring)
Stlth   +++.......              (no ring)
HPRegen 0.09/turn               (no ring)
MPRegen 0.10/turn               (no ring)
                                (no ring)
                                (no ring)

@: no status effects
A: almost no armour, amphibious, 8 rings, camouflage 1, gelatinous body 1,
(nimble swimmer 1), tentacles
a: no special abilities


You were on level 2 of the Dungeon.
You visited 1 branch of the dungeon, and saw 2 of its levels.

You collected 36 gold pieces.


Innate Abilities, Weirdness & Mutations

You cannot wear most types of armour.
You are amphibious.
You can wear up to eight rings at the same time.
Your skin changes colour to match your surroundings (Stealth+).
Your rubbery body absorbs attacks. (AC +1, EV +1)
((You are camouflaged when in or above water. (Stealth+)))
You have tentacles for arms and can constrict up to eight enemies at once.


   Skills:
 + Level 2.0 Fighting
 + Level 2.6 Dodging
 + Level 2.3 Stealth
 * Level 4.0 Unarmed Combat
 - Level 2.0 Spellcasting
 - Level 2.0 Transmutations


You had 6 spell levels left.
You knew the following spells:

 Your Spells              Type           Power      Damage    Failure   Level
a - Beastly Appendage     Tmut           14%        N/A       10%         1

Your spell library contained the following spells:

 Spells                   Type           Power      Damage    Failure   Level
 Wereblood                Tmut           7%         N/A       14%         2
 Spider Form              Tmut/Pois      4%         N/A       41%         3
 Ice Form                 Ice/Tmut       4%         N/A       82%         4

Inventory:

Scrolls
 c - 2 scrolls of identify {unknown}
Potions
 a - a potion of curing {unknown}
 b - a potion of attraction {unknown}

Dungeon Overview and Level Annotations

Branches:
Dungeon (2/15)

Altars:

... ... ... #.#
#.# #.# #g# #@#
#)# #.#
########.#
.........# ###
#######..##
######.##
##...###.......#
#....†##.####.##
##.......# #.###


You could see a gnoll.


Message History

Your transformation is almost over.
The adder barely misses you. The adder closely misses you.
You barely miss the adder. Your grab misses the adder.
Your tentacle spike misses the adder.
The adder bites you.
You miss the adder. Your grab misses the adder.
Your tentacle spike misses the adder.
You squeeze the adder.
You kill the adder!
HP[-2]
You take 2 damage, and now have 27/29 hp.
No target in view!
No target in view!
No target in view!
No target in view!
No target in view!
No target in view!
No target in view!
No target in view!
No target in view!
No target in view!
No target in view!
No target in view!
No target in view!
Your tentacle spike disappears.
You see here an adder corpse.
A gnoll comes into view. It is wielding a +0 club.
HP[+2] MP[+1]
Your hp is fully restored (29).
Your mp is fully restored (7).
One of your tentacles grows a vicious spike.
The gnoll shouts!
MP[-1]
You lost 1 mp, and now have 6/7 mp.
A gnoll comes into view. It is wielding a +0 whip.
A gnoll comes into view. It is wielding a +0 club.
Your transformation is almost over.
The gnoll barely misses you.
The gnoll moves out of view.
You barely miss the gnoll.
The gnoll shouts!
You grab the gnoll.
You pierce the gnoll, but do no damage.
You constrict the gnoll. The gnoll hits you with a +0 club.
HP[-5]
You take 5 damage, and now have 24/29 hp.
You tentacle-slap the gnoll.
Your tentacle spike misses the gnoll.
You constrict the gnoll. The gnoll hits you with a +0 club.
HP[-5]
You take 5 damage, and now have 19/29 hp.
You tentacle-slap the gnoll but do no damage.
You pierce the gnoll.
Your tentacle-slap misses the gnoll.
You squeeze the gnoll. You constrict the gnoll. The gnoll closely misses you.
You tentacle-slap the gnoll. You constrict the gnoll.
You kill the gnoll!
Your Unarmed Combat skill increases to level 4!
The gnoll completely misses you.
You see here a +0 club {mace}.
The gnoll shouts!
You tentacle-slap the gnoll. You grab the gnoll.
You constrict the gnoll, but do no damage.
The gnoll hits you with a +0 whip.
HP[-4]
You take 4 damage, and now have 15/29 hp.
You tentacle-slap the gnoll.
Your tentacle spike misses the gnoll.
You constrict the gnoll, but do no damage.
The gnoll hits you with a +0 whip!
* * * LOW HITPOINT WARNING * * *
You are too injured to fight recklessly!
HP[-8] MP[+1]
You take 8 damage, and now have 7/29 hp.
MASSIVE DAMAGE!! (PAUSE)
Your mp is fully restored (7).
You are too injured to fight recklessly!
You are too injured to fight recklessly!
You are too injured to fight recklessly!
You are too injured to fight recklessly!
You are too injured to fight recklessly!
You are too injured to fight recklessly!
You are too injured to fight recklessly!
You are too injured to fight recklessly!
You are too injured to fight recklessly!
You are too injured to fight recklessly!
You are too injured to fight recklessly!
You are too injured to fight recklessly!
You are too injured to fight recklessly!
You are too injured to fight recklessly!
You are too injured to fight recklessly!
You are too injured to fight recklessly!
You are too injured to fight recklessly!
You are too injured to fight recklessly!
You tentacle-slap the gnoll.
You pierce the gnoll, but do no damage.
You constrict the gnoll. The gnoll hits you with a +0 whip.
* * * LOW HITPOINT WARNING * * *
HP[-6]
You take 6 damage, and now have 1/29 hp.
MASSIVE DAMAGE!! (PAUSE)
You tentacle-slap the gnoll but do no damage.
You squeeze the gnoll, but do no damage.
Your tentacle spike disappears.
You constrict the gnoll.
You kill the gnoll!
Your Fighting skill increases to level 2!
The gnoll hits you with a +0 club.
You die...

Skill      XL: |  1  2  3  4 |
---------------+-------------+-----
Stealth        | 1 2 |  2.3
Unarmed Combat | 4 |  4.0
Fighting       | 2 |  2.0
Dodging        | |  2.6
Spellcasting   | |  2.0
Transmutations | |  2.0

Action                   |  1- 3 |  4- 6 || total
-------------------------+-------+-------++-------
Melee: Unarmed           |    58 |    15 ||    73
       Constrict         |    19 |     2 ||    21
       Kick              |    20 |     3 ||    23
       Tentacles         |    12 |     3 ||    15
       Punch             |     2 |       ||     2
 Cast: Beastly Appendage |    18 |     3 ||    21
 Stab: Sleeping          |     5 |       ||     5
Armor: Skin              |     6 |       ||     6
Dodge: Dodged            |    38 |     8 ||    46

Levels and vault maps discovered:
D:1:      dpeg_arrival_solitude, layout_basic
D:2:      layout_loops_corners, ebering_ecumenical_altar_box,
          kennysheep_generic_room_12, uniq_terence, uniq_natasha

Notes
Turn   | Place    | Note
-------+----------+-------------------------------------------
     0 | D:1      | zeratav the Octopode Transmuter began the quest for the
                  | Orb.
     0 | D:1      | Reached XP level 1. HP: 13/13 MP: 3/3
     0 | D:1      | magus.rc [v1.9.6]
   220 | D:1      | Reached XP level 2. HP: 12/18 MP: 3/5
   226 | D:1      | Reached skill level 1 in Stealth
   634 | D:1      | Reached XP level 3. HP: 22/23 MP: 4/6
  1163 | D:2      | Noticed Terence
  1167 | D:2      | Killed Terence
  1168 | D:2      | Reached skill level 2 in Stealth
  1168 | D:2      | Reached XP level 4. HP: 29/29 MP: 4/7
  1215 | D:2      | Found a faded altar of an unknown god.
  1338 | D:2      | Reached skill level 4 in Unarmed Combat
  1340 | D:2      | HP: 7/29 [gnoll/+0 whip (8)]
  1341 | D:2      | HP: 1/29 [gnoll/+0 whip (6)]
  1343 | D:2      | Reached skill level 2 in Fighting
  1343 | D:2      | Slain by a gnoll

Vanquished Creatures
  Terence (D:2)
  2 gnolls (D:2)
  An adder (D:2)
  4 bats (D:1)
  4 endoplasms
  8 hobgoblins (D:1)
  7 ball pythons (D:1)
  4 frilled lizards (D:1)
  2 goblins (D:1)
  2 kobolds (D:1)
  3 rats (D:1)
38 creatures vanquished.

Table legend:
 A = Non-vault XP
 B = Vault XP
 C = Vault XP percentage of total XP
 D = Non-vault monster count
 E = Vault monster count
 F = Vault count percentage of total count
                 A         B        C        D         E       F
            +---------+---------+-------+---------+---------+-------
      Total |      94 |      36 |  27.7 |      37 |       1 |   2.6
            +---------+---------+-------+---------+---------+-------
        D:1 |      50 |       0 |   0.0 |      33 |       0 |   0.0
        D:2 |      44 |      36 |  45.0 |       4 |       1 |  20.0
            +---------+---------+-------+---------+---------+-------

Illustrated notes

Table legend:
 A = Kills in this place as a percentage of kills in entire the game.
 B = Kills by you in this place as a percentage of kills by you in the entire game.
 C = Kills by friends in this place as a percentage of kills by friends in the entire game.
 D = Other kills in this place as a percentage of other kills in the entire game.
 E = Experience gained in this place as a percentage of experience gained in the entire game.
 F = Experience gained in this place divided by the number of levels of this place that you have seen.
                   A       B       C       D       E      F
               +-------+-------+-------+-------+-------+----------------------
         Total | 100.0 | 100.0 |   N/A |   N/A | 100.0 |  65.0
       Dungeon | 100.0 | 100.0 |   N/A |   N/A | 100.0 |  65.0
               +-------+-------+-------+-------+-------+----------------------

Table legend: (Time is in decaauts)
 A = Elapsed time spent in this place.
 B = Non-inter-level travel time spent in this place.
 C = Inter-level travel time spent in this place.
 D = Time resting spent in this place.
 E = Time spent auto-exploring this place.
 F = Levels seen in this place.
 G = Mean time per level.
                   A        B        C        D        E       F      G
               +--------+--------+--------+--------+--------+-----+--------+
         Total |   1337 |   1313 |     24 |      7 |   1097 |   2 |  668.5 |
       Dungeon |   1337 |   1313 |     24 |      7 |   1097 |   2 |  668.5 |
               +--------+--------+--------+--------+--------+-----+--------+

Top non-repeatable levels by time:
     D:1: 1141 daAuts
     D:2: 196 daAuts
